 Dungeon Crawl Stone Soup version 0.30.1-4-g462c640d31 (webtiles) character file.

Game seed: 8173219052153821243

1771 Peloso the Carver (level 8, -3/71 HPs)
             Began as a Minotaur Fighter on Aug 21, 2023.
             Was a Follower of Okawaru.
             Killed from afar by an acid dragon (12 damage)
             ... with a splash of acid
             ... on level 7 of the Dungeon.
             The game lasted 00:12:17 (5842 turns).

Peloso the Carver (Minotaur Fighter)                Turns: 5842, Time: 00:12:18

Health: -3/71      AC:  7    Str: 25    XL:     8   Next: 80%
Magic:  7/7        EV: 10    Int:  2    God:    Okawaru [*.....]
Gold:   258        SH:  6    Dex: 19    Spells: 7/7 levels left

rFire   + + .        a - +1 long sword
rCold   + . .        d - +0 buckler
rNeg    . . .        C - +8 chain mail "Ciudiymp" {Str+5 Int-3 Dex+6}
rPois   .            (helmet restricted)
rElec   .            x - scarf {rC+ rF+}
rCorr   .            c - +0 pair of gloves
SInv    .            (no boots)
Will    .....        l - amulet of the acrobat Stlth
                     m - ring of flight
HPRegen 1.11/turn    i - ring of protection from fire
MPRegen 0.10/turn

%: acrobat
@: corroded, flying
A: horns 2, retaliatory headbutt, claws 1, talons 1, regeneration 1
a: Renounce Religion, Heroism


You were on level 7 of the Dungeon.
You worshipped Okawaru.
Okawaru was aware of your devotion.
You visited 2 branches of the dungeon, and saw 8 of its levels.
You also visited: Ossuary.

You collected 258 gold pieces.

Inventory:

Hand Weapons
 a - a +1 long sword (weapon)
Armour
 b - a +0 scale mail
 c - a +0 pair of gloves (worn)
 d - a +0 buckler (worn)
 x - a scarf of resistance (worn)
 C - the +8 chain mail "Ciudiymp" (worn) {Str+5 Int-3 Dex+6}
   (You found it in an ossuary)

   Str:       It affects your strength (+5).
   Int:       It affects your intelligence (-3).
   Dex:       It affects your dexterity (+6).
 D - +0 swamp dragon scales
Jewellery
 i - a ring of protection from fire (right hand)
 l - an amulet of the acrobat (around neck)
 m - a ring of flight (left hand)
 r - an amulet of faith
Wands
 t - a wand of roots (5)
 y - a wand of polymorph (13)
Scrolls
 g - 2 scrolls of teleportation
 h - a scroll of summoning
 j - 2 scrolls of enchant armour
 p - 2 scrolls of blinking
 q - a scroll of immolation
 s - 2 scrolls of poison
 u - a scroll of brand weapon {unknown}
Potions
 e - 2 potions of attraction
 f - 2 potions of degeneration {unknown}
 k - 2 potions of resistance
 n - a potion of invisibility
 o - a potion of berserk rage {unknown}
 v - a potion of might
 w - 4 potions of brilliance {unknown}
 z - 4 potions of curing
 A - 2 potions of haste {unknown}
 B - a potion of heal wounds


   Skills:
 + Level 6.6 Fighting
 + Level 9.4 Long Blades
 + Level 7.2 Armour
 + Level 2.6 Dodging
 + Level 1.4 Stealth
 + Level 5.3 Shields


You had 7 spell levels left.
You didn't know any spells.
Your spell library was empty.

Dungeon Overview and Level Annotations

Branches:
Dungeon (7/15)             Temple (1/1) D:5         Ossuary (visited)

Altars:
Ashenzari
Dithmenos
Elyvilon
Fedhas
Gozag
Hepliaklqana
Kikubaaqudgha
Makhleb
Nemelex Xobeh
Okawaru
Qazlal
Ru
Sif Muna
Trog
Uskayaw
Wu Jian
Yredelemnul
The Shining One

Shops:
D:2 (=   D:5 =


Innate Abilities, Weirdness & Mutations

You have a pair of horns on your head.
You reflexively headbutt those who attack you in melee.
You have sharp fingernails.
You have sharp toenails.
Your natural rate of healing is unusually fast.


Message History

Unknown command.
You hit the acid dragon but do no damage.
The acid dragon is heavily wounded.
The bullfrog barely misses you. The acid dragon closely misses you.
The acid dragon claws you but does no damage.
Unknown command.
You hit the acid dragon. Your kick misses the acid dragon.
The acid dragon is heavily wounded.
The bullfrog hits you but does no damage.
The acid dragon bites you but does no damage.
You block the acid dragon's attack.
The bullfrog hits you but does no damage.
Unknown command.
You barely miss the acid dragon. Your kick misses the acid dragon.
The acid dragon is heavily wounded.
The bullfrog hits you.
The acid dragon bites you but does no damage.
The acid dragon claws you but does no damage.
The bullfrog hits you but does no damage.
Unknown command.
You completely miss the acid dragon.
You claw the acid dragon, but do no damage.
The acid dragon is heavily wounded.
The acid dragon spits acid at you. The splash of acid hits you!
The acid corrodes you! The bullfrog hits you.
Unknown command.
You barely miss the acid dragon. Your kick misses the acid dragon.
The acid dragon is heavily wounded.
The bullfrog hits you but does no damage.
The acid dragon spits acid at you. The splash of acid hits you!!
* * * LOW HITPOINT WARNING * * *
The acid corrodes you!
You hit the acid dragon.
The acid dragon is heavily wounded.
The bullfrog hits you.
* * * LOW HITPOINT WARNING * * *
The acid dragon spits acid at you. The splash of acid hits you!
You die...

#...###.####.###..#
.#...........# #..#
#...###.########..####
##.## #.# #..........#
##.# #.# #.####..##.#
...# #.###..........#
.#.# #.....####..#..#
.#.# ####..# #..#..#
.#.#######..## #@F...#
.#...........# #D#...#
.#########...# #.#...#
. #...# #.#...# .
#...# #.#...#
............#
#........ ## #........
..######


You could see an acid dragon (catching breath) and a bullfrog.

Vanquished Creatures
  Maggie (D:6)
  Sigmund (D:4)
  An orc warrior (D:6)
  A black bear (D:5)
  An ogre (D:5)
  A phantom (D:4)
  A scorpion (D:4)
  3 water moccasin zombies (Ossuary)
  3 hounds
  2 orc priests
  An iguana (D:4)
  6 orc wizards
  2 sleepcaps
  Ijyb (D:4)
  2 mummies (Ossuary)
  6 gnolls (D:6)
  11 adders
  2 ufetubi (D:6)
  2 adder zombies (Ossuary)
  A worm (D:2)
  2 dart slugs
  15 orcs
  7 endoplasms
  3 giant cockroaches
  8 hobgoblins
  3 jackals (D:4)
  10 kobolds
  2 quokkas (D:2)
  9 ball pythons
  8 bats
  A frilled lizard (D:1)
  4 gnoll zombies (Ossuary)
  19 goblins
  5 hobgoblin zombies (Ossuary)
  8 kobold zombies (Ossuary)
  4 orc zombies (Ossuary)
  9 rats
166 creatures vanquished.

Vanquished Creatures (others)
  An orc wizard (D:4)
  A shadow imp (D:6)
2 creatures vanquished.

Grand Total: 168 creatures vanquished

Notes
Turn   | Place    | Note
-------+----------+-------------------------------------------
     0 | D:1      | Peloso the Minotaur Fighter began the quest for the Orb.
     0 | D:1      | Reached XP level 1. HP: 19/19 MP: 0/0
   187 | D:1      | Reached XP level 2. HP: 27/27 MP: 1/1
   687 | D:1      | Reached XP level 3. HP: 33/33 MP: 2/2
   823 | D:2      | Reached skill level 3 in Long Blades
  1141 | D:2      | Found Qiuxos's Weapon Emporium.
  1141 | D:2      | Noticed a +0 giant club
  1142 | D:2      | Noticed a +0 great mace
  1382 | D:2      | Found Yleir's Jewellery Boutique.
  1856 | D:2      | Gained mutation: You have sharp fingernails. [potion of
                  | mutation]
  1856 | D:2      | Gained mutation: You have sharp toenails. [potion of
                  | mutation]
  1856 | D:2      | Gained mutation: Your natural rate of healing is unusually
                  | fast. [potion of mutation]
  2008 | D:3      | Reached XP level 4. HP: 40/40 MP: 3/3
  2018 | D:3      | Found a faded altar of an unknown god.
  2022 | D:3      | Found a burning altar of Makhleb.
  2054 | D:3      | Found a faded altar of an unknown god.
  2068 | D:3      | Reached skill level 4 in Long Blades
  2099 | D:3      | Reached XP level 5. HP: 37/47 MP: 4/4
  2716 | D:4      | Reached skill level 5 in Long Blades
  2750 | D:4      | Noticed Sigmund
  2766 | D:4      | Reached skill level 1 in Dodging
  2784 | D:4      | Killed Sigmund
  2785 | D:4      | Reached skill level 6 in Long Blades
  2785 | D:4      | Reached skill level 5 in Armour
  2785 | D:4      | Reached XP level 6. HP: 37/55 MP: 5/5
  3038 | D:4      | Reached skill level 5 in Fighting
  3196 | D:4      | Reached XP level 7. HP: 59/61 MP: 6/6
  3611 | D:4      | Noticed Ijyb
  3639 | D:4      | Killed Ijyb
  3640 | D:4      | Reached skill level 1 in Stealth
  4018 | D:5      | Entered Level 5 of the Dungeon
  4032 | D:5      | Found a hide-covered altar of Uskayaw.
  4184 | D:5      | Reached skill level 7 in Long Blades
  4245 | D:5      | Found a sand-covered staircase.
  4249 | Ossuary  | Entered an ossuary
  4345 | Ossuary  | Reached XP level 8. HP: 69/69 MP: 7/7
  4394 | Ossuary  | Identified the +8 chain mail "Ciudiymp" {Str+5 Int-3 Dex+6}
  4522 | D:5      | Reached skill level 8 in Long Blades
  4563 | D:5      | Found Zusotapi's Jewellery Shop.
  4612 | D:5      | Found a staircase to the Ecumenical Temple.
  4624 | Temple   | Entered the Ecumenical Temple
  4646 | Temple   | Became a worshipper of Warmaster Okawaru
  4687 | D:5      | Found a basalt altar of Yredelemnul.
  4806 | D:5      | Found a shimmering blue altar of Sif Muna.
  5146 | D:6      | Found a blossoming altar of Fedhas.
  5146 | D:6      | Found a stormy altar of Qazlal.
  5453 | D:6      | Noticed Maggie
  5472 | D:6      | Killed Maggie
  5473 | D:6      | Reached skill level 9 in Long Blades
  5473 | D:6      | Reached skill level 5 in Shields
  5525 | D:6      | Reached * piety under Okawaru
  5842 | D:7      | Killed from afar by an acid dragon

Illustrated notes

Levels and vault maps discovered:
D:1:      minmay_arrival_four_houses, layout_loops_ring,
          minmay_tree_intersection, hangedman_abyss_or_decor_stabs
D:2:      minmay_chambers_of_ones, layout_basic, serial_shops,
          nicolae_shop_mannequins, nicolae_shop_tiny_real_fake_doors
D:3:      layout_basic, nicolae_overflow_ecumenical_swirl,
          dreamdust_ecumenical_altar_statues
D:4:      kennysheep_goblin_castle, layout_basic, grunt_ministairs_11,
          minmay_large_rounded_square, uniq_sigmund
D:5:      layout_basic, nicolae_sif_muna_little_library,
          mainiacjoe_overflow_large_starburst, minmay_temple_entry_junction_2,
          serial_shops, nicolae_shop_gaudy_bauble, enter_ossuary_5
D:6:      layout_loops_ring, grunt_temple_overflow_forces_of_nature, uniq_maggie
D:7:      layout_loops_ring, mainiacjoe_overflow_alcove_2,
          minmay_shattered_shrine
Temple:   hellmonk_temple_of_storms

Skill      XL: |  1  2  3  4  5  6  7  8 |
---------------+-------------------------+-----
Shields        | 4 5 |  5.3
Fighting       | 4 5 6 |  6.6
Armour         | 4 5 6 7 |  7.2
Long Blades    | 3 4 6 7 9 |  9.4
Dodging        | 1 2 |  2.6
Stealth        | 1 |  1.4

Action                     |  1- 3 |  4- 6 |  7- 9 || total
---------------------------+-------+-------+-------++-------
  Melee: Long sword        |   104 |    97 |   238 ||   439
         Headbutt          |    12 |    11 |    43 ||    66
         Kick              |       |    21 |    69 ||    90
    Use: Potion            |     4 |       |     1 ||     5
         Scroll            |     2 |     2 |     6 ||    10
 Armour: Scale mail        |    45 |    31 |    56 ||   132
         Chain mail        |       |       |    49 ||    49
  Dodge: Dodged            |    48 |    40 |   128 ||   216
  Block: Buckler           |    22 |     8 |    43 ||    73
